 Dungeon Crawl Stone Soup version 0.29-a0-111-gbaf749a769 (webtiles) character file.

Game seed: 17183393304534701497

41 jlumianski the Firebug (level 3, 0/26 HPs)
             Began as a Hill Orc Fire Elementalist on Feb 17, 2022.
             Slain by Natasha (6 damage)
             ... on level 2 of the Dungeon.
             The game lasted 00:05:57 (1066 turns).

jlumianski the Firebug (Hill Orc Fire Elementalist) Turns: 1066, Time: 00:05:57

Health: 0/26       AC:  6    Str: 12    XL:     3   Next: 52%
Magic:  2/6        EV: 11    Int: 15    God:
Gold:   72         SH:  0    Dex: 11    Spells: 1/6 levels left

rFire   . . .      SeeInvis .   o - +2 spear (freeze)
rCold   . . .      Faith    .   (no shield)
rNeg    . . .      Spirit   .   g - +0 leather armour
rPois   .          Reflect  .   (no helmet)
rElec   .          Harm     .   i - +2 cloak
rCorr   .          Rampage  .   (no gloves)
Will    .....                   (no boots)
Stlth   +.........              (no amulet)
HPRegen 0.08/turn               (no ring)
MPRegen 0.10/turn               (no ring)

@: slowed, very slow
A: no striking features
a: no special abilities


You were on level 2 of the Dungeon.
You visited 1 branch of the dungeon, and saw 2 of its levels.

You collected 72 gold pieces.

Inventory:

Hand Weapons
 f - a +0 hunting sling
 n - a +0 whip
 o - a +2 spear of freezing (weapon)
Missiles
 d - 42 arrows
Armour
 a - a +0 robe
 e - a +0 ring mail
 g - a +0 leather armour (worn)
 i - a +2 cloak (worn)
Scrolls
 c - a scroll of vulnerability {unknown}
 j - a scroll of magic mapping {unknown}
 k - a scroll of immolation {unknown}
 l - a scroll of blinking {unknown}
 m - 4 scrolls of identify {unknown}
 p - a scroll of enchant armour {unknown}
Potions
 b - 2 potions of curing {unknown}
 h - 3 potions of attraction {unknown}


   Skills:
 + Level 0.3 Polearms
 + Level 0.8 Armour
 + Level 1.9 Dodging
 + Level 1.7 Stealth
 + Level 0.1 Unarmed Combat
 + Level 2.0 Spellcasting
 + Level 1.1 Conjurations
 + Level 3.8 Fire Magic


You had one spell level left.
You knew the following spells:

 Your Spells              Type           Power      Damage    Failure   Level
a - Foxfire               Conj/Fire      36%        2x1d5     10%         1
b - Scorch                Fire           26%        2d6       9%          2
c - Blink                 Tloc           2%         N/A       38%         2

Your spell library contained the following spells:

 Spells                   Type           Power      Damage    Failure   Level
 Conjure Flame            Conj/Fire      9%         6-21      30%         3
 Inner Flame              Hex/Fire       7%         N/A       36%         3
 Lesser Beckoning         Tloc           1%         N/A       63%         3
 Flame Wave               Conj/Fire      9%         2d5       69%         4
 Manifold Assault         Tloc           1%         N/A       100%        5


Dungeon Overview and Level Annotations

Branches:
Dungeon (2/15)

Altars:

Annotations:
D:2 Natasha


Message History

Reach: o) +2 spear (freeze)
Press: ? - help, Dir - move target, f - Natasha
Aim: Natasha (about 47% to evade your +2 spear of freezing)
You reach to attack!
You barely miss Natasha.
Casting: Foxfire (safe; 10% risk of failure)
Confirm with . or Enter, or press ? or * to list all spells.
Flames lash Natasha.
Natasha is heavily wounded.
Natasha's fire resistance burns away.
Natasha closely misses you.
Casting: Scorch (safe; 9% risk of failure)
Confirm with . or Enter, or press ? or * to list all spells.
You conjure some foxfire!
Natasha claws you.
You barely miss Natasha.
Natasha is heavily wounded.
The foxfire hits Natasha.
Natasha is severely wounded.
The foxfire hits Natasha but does no damage.
Natasha is severely wounded.
Natasha claws you.
You closely miss Natasha.
Natasha is severely wounded.
Natasha claws you but does no damage.
You miss Natasha.
Natasha is severely wounded.
Natasha casts a spell at you. You resist with significant effort.
You hit Natasha. You freeze Natasha.
Natasha is almost dead.
Natasha is no longer more vulnerable to fire.
Natasha claws you!
You miss Natasha.
Natasha is almost dead.
Natasha casts a spell at you.
You feel yourself slow down.
Casting: Foxfire (safe; 10% risk of failure)
Confirm with . or Enter, or press ? or * to list all spells.
You conjure some foxfire!
Natasha claws you.
* * * LOW HITPOINT WARNING * * *
Natasha claws you.
You die...

## ... ..# #.# #####.##
#......# ##########
#..vh..###<........
#...@..#.##.###..##
#^...v...##..##.. ##
####.####.>####.###..
#..$##..####.#...#
#.#...##..##...#
#.###.##.#†...# #.#
######....##
..#####.#######......##
......................##


You could see Natasha (ally target).

Vanquished Creatures
  An adder (D:2)
  2 dart slugs (D:1)
  2 ball pythons (D:1)
  An endoplasm (D:2)
  A giant cockroach (D:1)
  3 goblins
  2 hobgoblins (D:1)
  4 jackals
  2 quokkas (D:1)
  2 bats
  3 frilled lizards (D:1)
  A kobold (D:2)
  A rat (D:1)
25 creatures vanquished.

Vanquished Creatures (others)
  34 foxfires
  A withered plant (D:1)
35 creatures vanquished.

Grand Total: 60 creatures vanquished

Notes
Turn   | Place    | Note
-------+----------+-------------------------------------------
     0 | D:1      | jlumianski the Hill Orc Fire Elementalist began the quest
                  | for the Orb.
     0 | D:1      | Reached XP level 1. HP: 14/14 MP: 3/3
   230 | D:2      | Reached XP level 2. HP: 17/20 MP: 1/4
   237 | D:2      | Learned a level 2 spell: Scorch
   494 | D:2      | Reached XP level 3. HP: 9/26 MP: 2/5
   778 | D:2      | Noticed Natasha
   895 | D:1      | Found a faded altar of an unknown god.
  1051 | D:2      | Learned a level 2 spell: Blink
  1066 | D:2      | Slain by Natasha

Illustrated notes

Levels and vault maps discovered:
D:1:      mrwooster_arrival_statue_3, layout_loops_ring,
          ebering_ecumenical_altar_petrified
D:2:      layout_rooms, st_stairs_7, uniq_natasha

Skill      XL: |  1  2  3 |
---------------+----------+-----
Spellcasting   | 2 |  2.0
Polearms       | |  0.3
Armour         | |  0.8
Dodging        | |  1.9
Stealth        | |  1.7
Unarmed Combat | |  0.1
Conjurations   | |  1.1
Fire Magic     | |  3.8

Action                   || total
-------------------------++-------
Melee: Unarmed           ||     9
       Spear             ||    35
 Cast: Foxfire           ||    23
       Scorch            ||     3
 Stab: Sleeping          ||     1
Armor: Leather armour    ||    36
Dodge: Dodged            ||    43

Table legend: (Time is in decaauts)
 A = Elapsed time spent in this place.
 B = Non-inter-level travel time spent in this place.
 C = Inter-level travel time spent in this place.
 D = Time resting spent in this place.
 E = Time spent auto-exploring this place.
 F = Levels seen in this place.
 G = Mean time per level.
                   A        B        C        D        E       F      G
               +--------+--------+--------+--------+--------+-----+--------+
         Total |   1070 |   1070 |      0 |    207 |    379 |   2 |  535.0 |
       Dungeon |   1070 |   1070 |      0 |    207 |    379 |   2 |  535.0 |
               +--------+--------+--------+--------+--------+-----+--------+

Top non-repeatable levels by time:
     D:1: 683 daAuts
     D:2: 386 daAuts
